| TOP OF THE 1ST |
|
Columbia Fireflies batting - Pitching for Mobile BayBears : RHP Alex Apolinar
|
|
Pitching: RHP Alex Apolinar
|
|
|
Batting: RHB Zhao-ying Joe
|
0-0: Foul Ball, location: 2F 0-1: Foul Ball, location: 2F 0-2: Ball 1-2: SINGLE (Line Drive, 9LS, EV 104.4 MPH)
|
|
Batting: SHB Jason Caruso
|
0-0: Ball Zhao-ying Joe steals 2nd base 1-0: Fly out, F5 (Popup, 5S, EV 76.9 MPH)
|
|
Batting: LHB Bayesa Mundhir
|
0-0: Called Strike 0-1: Ball 1-1: Called Strike Zhao-ying Joe is caught stealing 3rd base 2-5 1-2: Foul Ball, location: 2F 1-2: Fly out, F4 (Line Drive, 4, EV 72.5 MPH)
|
| Top of the 1st over - 0 runs, 1 hit, 0 errors, 0 left on base; Columbia 0 - Mobile 0 |
| BOTTOM OF THE 1ST |
|
Mobile BayBears batting - Pitching for Columbia Fireflies : RHP Zhao-ying Joe
|
|
Pitching: RHP Zhao-ying Joe
|
|
|
Batting: RHB Scott Carr
|
0-0: Ball 1-0: Called Strike 1-1: Called Strike 1-2: Strikes out swinging
|
|
Batting: LHB T.J. Duvall
|
0-0: Ball 1-0: Ball 2-0: Ball 3-0: Base on Balls
|
|
Batting: RHB Chris Bittner
|
0-0: Ball 1-0: Called Strike 1-1: Fly out, F9 (Flyball, 9, EV 85.0 MPH)
|
|
Batting: LHB Willie Gutierrez
|
0-0: Ball 1-0: Called Strike 1-1: Foul Ball, location: 2F 1-2: Foul Ball, location: 2F 1-2: Foul Ball, location: 2F 1-2: Foul Ball, location: 2F 1-2: Ground out 6-3 (Groundball, 6M, EV 108.8 MPH)
|
| Bottom of the 1st over - 0 runs, 0 hits, 0 errors, 1 left on base; Columbia 0 - Mobile 0 |
| TOP OF THE 2ND |
|
Columbia Fireflies batting - Pitching for Mobile BayBears : RHP Alex Apolinar
|
|
Batting: SHB Justin Wallace
|
0-0: Called Strike 0-1: Ball 1-1: Ball 2-1: Ball 3-1: Base on Balls
|
|
Batting: LHB Tony Leyba
|
0-0: Called Strike 0-1: Foul Ball, location: 2F 0-2: Strikes out looking
|
|
Batting: RHB Artyom Shavkunov
|
0-0: Foul Ball, location: 2F 0-1: Called Strike Justin Wallace steals 2nd base 0-2: Strikes out swinging
|
|
Batting: RHB Dan Muse
|
0-0: Ball 1-0: Ball 2-0: Ball 3-0: Base on Balls
|
|
Batting: RHB Jake Geib
|
0-0: Ground out 5-3 (Groundball, 56, EV 106.9 MPH)
|
| Top of the 2nd over - 0 runs, 0 hits, 0 errors, 2 left on base; Columbia 0 - Mobile 0 |
| BOTTOM OF THE 2ND |
|
Mobile BayBears batting - Pitching for Columbia Fireflies : RHP Zhao-ying Joe
|
|
Batting: RHB Marlon Reda
|
0-0: Ball 1-0: SOLO HOME RUN (Flyball, 7D, EV 101.9 MPH), Distance : 377 ft
|
|
Batting: RHB Andy Schuett
|
0-0: Ground out 6-3 (Groundball, 56, EV 88.1 MPH)
|
|
Batting: RHB Franklin Villanueva
|
0-0: Ball 1-0: Swinging Strike 1-1: Called Strike 1-2: Strikes out looking
|
|
Batting: RHB Dustin Legault
|
0-0: Ball 1-0: Called Strike 1-1: Ball 2-1: Called Strike 2-2: Ball 3-2: Ground out 6-3 (Groundball, 6, EV 78.1 MPH)
|
| Bottom of the 2nd over - 1 run, 1 hit, 0 errors, 0 left on base; Columbia 0 - Mobile 1 |
| TOP OF THE 3RD |
|
Columbia Fireflies batting - Pitching for Mobile BayBears : RHP Alex Apolinar
|
|
Batting: SHB Callum Lynch
|
0-0: SINGLE (Groundball, 4MD, EV 108.8 MPH)
|
|
Batting: RHB Zhao-ying Joe
|
0-0: Ball 1-0: Ball 2-0: Foul Ball, location: 2F 2-1: Called Strike 2-2: Ball 3-2: Base on Balls Callum Lynch to second
|
|
Batting: SHB Jason Caruso
|
0-0: Fielders Choice at 2nd, 6-4 (Groundball, 6, EV 99.4 MPH) Callum Lynch to third
|
|
Batting: LHB Bayesa Mundhir
|
0-0: Ball 1-0: Called Strike Jason Caruso steals 2nd base 1-1: Called Strike 1-2: Ball 2-2: Foul Ball, location: 2F 2-2: Ball 3-2: Foul Ball, location: 2F 3-2: Base on Balls
|
|
Batting: SHB Justin Wallace
|
0-0: Called Strike 0-1: Swinging Strike 0-2: Ball 1-2: Strikes out swinging
|
|
Batting: LHB Tony Leyba
|
0-0: Fly out, F8 (Line Drive, 89M, EV 95.0 MPH)
|
| Top of the 3rd over - 0 runs, 1 hit, 0 errors, 3 left on base; Columbia 0 - Mobile 1 |
| BOTTOM OF THE 3RD |
|
Mobile BayBears batting - Pitching for Columbia Fireflies : RHP Zhao-ying Joe
|
|
Batting: RHB Yasuo Nakata
|
0-0: Ball 1-0: Foul Ball, location: 2F 1-1: Ball 2-1: Foul Ball, location: 2F 2-2: Ground out 5-3 (Groundball, 56, EV 75.6 MPH)
|
|
Batting: RHB Scott Carr
|
0-0: Called Strike 0-1: Ball 1-1: Ball 2-1: Ground out 4-3 (Groundball, 4, EV 99.4 MPH)
|
|
Batting: LHB T.J. Duvall
|
0-0: Swinging Strike 0-1: Called Strike 0-2: Foul Ball, location: 2F 0-2: Ball 1-2: Ground out U3 (Groundball, 3, EV 94.4 MPH)
|
| Bottom of the 3rd over - 0 runs, 0 hits, 0 errors, 0 left on base; Columbia 0 - Mobile 1 |
| TOP OF THE 4TH |
|
Columbia Fireflies batting - Pitching for Mobile BayBears : RHP Alex Apolinar
|
|
Batting: RHB Artyom Shavkunov
|
0-0: Ball 1-0: Swinging Strike 1-1: Called Strike 1-2: Ball 2-2: Fly out, F3 (Line Drive, 34, EV 62.5 MPH)
|
|
Batting: RHB Dan Muse
|
0-0: Ball 1-0: Ball 2-0: Fly out, F7 (Flyball, 78M, EV 88.1 MPH)
|
|
Batting: RHB Jake Geib
|
0-0: Ground out 6-3 (Groundball, 6, EV 77.5 MPH)
|
| Top of the 4th over - 0 runs, 0 hits, 0 errors, 0 left on base; Columbia 0 - Mobile 1 |
| BOTTOM OF THE 4TH |
|
Mobile BayBears batting - Pitching for Columbia Fireflies : RHP Zhao-ying Joe
|
|
Batting: RHB Chris Bittner
|
0-0: Called Strike 0-1: Ball 1-1: Called Strike 1-2: Hit by Pitch
|
|
Batting: LHB Willie Gutierrez
|
0-0: Ball 1-0: SINGLE (Line Drive, 34D, EV 98.1 MPH) Chris Bittner to second Runner from 2nd tries for 3rd, SAFE, throw by RF made to third
|
|
Batting: RHB Marlon Reda
|
0-0: Ball 1-0: Called Strike 1-1: Ball Willie Gutierrez steals 2nd base 2-1: Foul Ball, location: 2F 2-2: Ball 3-2: Foul Ball, location: 2F 3-2: Strikes out swinging
|
|
Batting: RHB Andy Schuett
|
0-0: Fly out, F7 (Flyball, 7D, EV 103.8 MPH) Runner from 3rd tags up, OUT at HOME! 7-2
|
| Bottom of the 4th over - 0 runs, 1 hit, 0 errors, 1 left on base; Columbia 0 - Mobile 1 |
| TOP OF THE 5TH |
|
Columbia Fireflies batting - Pitching for Mobile BayBears : RHP Alex Apolinar
|
|
Batting: SHB Callum Lynch
|
0-0: Foul Ball, location: 2F 0-1: Ground out 6-3 (Groundball, 6, EV 83.1 MPH)
|
|
Batting: RHB Zhao-ying Joe
|
0-0: Fly out, F7 (Flyball, 78S, EV 90.6 MPH)
|
|
Batting: SHB Jason Caruso
|
0-0: Ball 1-0: Ball 2-0: Called Strike 2-1: Foul Ball, location: 2F 2-2: Ball 3-2: Foul Ball, location: 2F 3-2: Base on Balls
|
|
Batting: LHB Bayesa Mundhir
|
0-0: Ball Jason Caruso is caught stealing 2nd base 2-6
|
| Top of the 5th over - 0 runs, 0 hits, 0 errors, 0 left on base; Columbia 0 - Mobile 1 |
| BOTTOM OF THE 5TH |
|
Mobile BayBears batting - Pitching for Columbia Fireflies : RHP Zhao-ying Joe
|
|
Batting: RHB Franklin Villanueva
|
0-0: Ball 1-0: Ball 2-0: Swinging Strike 2-1: Ground out 6-3 (Groundball, 6, EV 105.0 MPH)
|
|
Batting: RHB Dustin Legault
|
0-0: Ball 1-0: Foul Ball, location: 2F 1-1: DOUBLE (Line Drive, 9LD, EV 105.6 MPH)
|
|
Batting: RHB Yasuo Nakata
|
0-0: Ball 1-0: Ball 2-0: Ball 3-0: Base on Balls
|
|
Batting: RHB Scott Carr
|
0-0: Foul Ball, location: 2F 0-1: Foul Ball, location: 2F 0-2: Strikes out swinging
|
|
Batting: LHB T.J. Duvall
|
0-0: Foul Ball, location: 2F 0-1: Ball 1-1: Ball 2-1: Fly out, F7 (Flyball, 7, EV 94.4 MPH)
|
| Bottom of the 5th over - 0 runs, 1 hit, 0 errors, 2 left on base; Columbia 0 - Mobile 1 |
| TOP OF THE 6TH |
|
Columbia Fireflies batting - Pitching for Mobile BayBears : RHP Alex Apolinar
|
|
Batting: LHB Bayesa Mundhir
|
0-0: Called Strike 0-1: Ball 1-1: Ground out 6-3 (Groundball, 4MD, EV 83.8 MPH)
|
|
Batting: SHB Justin Wallace
|
0-0: Ball 1-0: Ball 2-0: Swinging Strike 2-1: Ball 3-1: Base on Balls
|
|
Batting: LHB Tony Leyba
|
0-0: Ball 1-0: Swinging Strike 1-1: Ball 2-1: Fielders Choice at 2nd, 4-6 (Groundball, 4D, EV 100.0 MPH)
|
|
Batting: RHB Artyom Shavkunov
|
0-0: Ball 1-0: Ball Tony Leyba steals 2nd base 2-0: Foul Ball, location: 2F 2-1: Foul Ball, location: 2F 2-2: Ball 3-2: Fly out, F6 (Line Drive, 6, EV 62.5 MPH)
|
| Top of the 6th over - 0 runs, 0 hits, 0 errors, 1 left on base; Columbia 0 - Mobile 1 |
| BOTTOM OF THE 6TH |
|
Mobile BayBears batting - Pitching for Columbia Fireflies : RHP Zhao-ying Joe
|
|
Batting: RHB Chris Bittner
|
0-0: Foul Ball, location: 2F 0-1: Foul Ball, location: 2F 0-2: Strikes out swinging
|
|
Batting: LHB Willie Gutierrez
|
0-0: Swinging Strike 0-1: Foul Ball, location: 2F 0-2: Foul Ball, location: 2F 0-2: Ball 1-2: Fly out, F7 (Flyball, 78XD, EV 103.1 MPH)
|
|
Batting: RHB Marlon Reda
|
0-0: Ball 1-0: Ball 2-0: Fly out, F9 (Flyball, 9D, EV 91.2 MPH)
|
| Bottom of the 6th over - 0 runs, 0 hits, 0 errors, 0 left on base; Columbia 0 - Mobile 1 |
| TOP OF THE 7TH |
|
Columbia Fireflies batting - Pitching for Mobile BayBears : RHP Alex Apolinar
|
|
Batting: RHB Dan Muse
|
0-0: Called Strike 0-1: Swinging Strike 0-2: Foul Ball, location: 2F 0-2: Strikes out swinging
|
|
Batting: RHB Jake Geib
|
0-0: Ball 1-0: Ball 2-0: Ground out 4-3 (Groundball, 34, EV 103.1 MPH)
|
|
Batting: SHB Callum Lynch
|
0-0: Ground out 6-3 (Groundball, 6M, EV 90.0 MPH)
|
| Top of the 7th over - 0 runs, 0 hits, 0 errors, 0 left on base; Columbia 0 - Mobile 1 |
| BOTTOM OF THE 7TH |
|
Mobile BayBears batting - Pitching for Columbia Fireflies : RHP Zhao-ying Joe
|
|
Batting: RHB Andy Schuett
|
0-0: Swinging Strike 0-1: Ball 1-1: Ball 2-1: Foul Ball, location: 2F 2-2: Foul Ball, location: 2F 2-2: Ground out 6-3 (Groundball, 6, EV 82.5 MPH)
|
|
Batting: RHB Franklin Villanueva
|
0-0: Foul Ball, location: 2F 0-1: Ball 1-1: Fly out, F9 (Line Drive, 9, EV 83.8 MPH)
|
|
Batting: RHB Dustin Legault
|
0-0: Called Strike 0-1: Foul Ball, location: 2F 0-2: Ball 1-2: Ball 2-2: Ball 3-2: Foul Ball, location: 2F 3-2: Foul Ball, location: 2F 3-2: Ground out 6-3 (Groundball, 6, EV 79.4 MPH)
|
| Bottom of the 7th over - 0 runs, 0 hits, 0 errors, 0 left on base; Columbia 0 - Mobile 1 |
| TOP OF THE 8TH |
|
Columbia Fireflies batting - Pitching for Mobile BayBears : RHP Alex Apolinar
|
|
Batting: RHB Zhao-ying Joe
|
0-0: Swinging Strike 0-1: Ground out 4-3 (Groundball, 4, EV 81.2 MPH)
|
|
Pitching: RHP Rich Garces
|
|
|
Batting: SHB Jason Caruso
|
0-0: Swinging Strike 0-1: Swinging Strike 0-2: Foul Ball, location: 2F 0-2: Foul Ball, location: 2F 0-2: Strikes out swinging
|
|
Batting: LHB Bayesa Mundhir
|
0-0: Ball 1-0: Ball 2-0: Called Strike 2-1: Ball 3-1: Called Strike 3-2: Strikes out looking
|
| Top of the 8th over - 0 runs, 0 hits, 0 errors, 0 left on base; Columbia 0 - Mobile 1 |
| BOTTOM OF THE 8TH |
|
Mobile BayBears batting - Pitching for Columbia Fireflies : RHP Zhao-ying Joe
|
|
Pitching: LHP Keith Noftall
|
|
|
Batting: RHB Yasuo Nakata
|
0-0: Ball 1-0: Called Strike 1-1: Swinging Strike 1-2: DOUBLE (Line Drive, 3D, EV 95.0 MPH) - OUT at third base trying to stretch hit.
|
|
Batting: RHB Scott Carr
|
0-0: Ball 1-0: Fly out, F8 (Flyball, 8LM, EV 90.0 MPH)
|
|
Batting: LHB T.J. Duvall
|
0-0: Ball 1-0: Foul Ball, location: 2F 1-1: Called Strike 1-2: Ground out U3 (Groundball, 34, EV 103.1 MPH)
|
| Bottom of the 8th over - 0 runs, 1 hit, 0 errors, 0 left on base; Columbia 0 - Mobile 1 |
| TOP OF THE 9TH |
|
Columbia Fireflies batting - Pitching for Mobile BayBears : RHP Rich Garces
|
|
Pitching: RHP Nate Bixler
|
|
|
Batting: SHB Justin Wallace
|
0-0: Called Strike 0-1: Ball 1-1: Ball 2-1: Ball 3-1: Foul Ball, location: 2F 3-2: Base on Balls
|
|
Pitching: LHP Eric Dennis
|
|
|
Pinch Hitting: RHB J.D. Brese
|
0-0: Swinging Strike 0-1: Foul Ball, location: 2F 0-2: Strikes out swinging
|
|
Batting: RHB Artyom Shavkunov
|
0-0: Ball 1-0: DOUBLE (Line Drive, 89D, EV 98.8 MPH) Justin Wallace to third
|
|
Batting: RHB Dan Muse
|
0-0: Called Strike 0-1: Called Strike 0-2: Ball 1-2: Foul Ball, location: 2F 1-2: Foul Ball, location: 2F 1-2: Ground out 5-3 (Groundball, 5S, EV 80.0 MPH)
|
|
Batting: RHB Jake Geib
|
0-0: Intentional Walk
|
|
Batting: SHB Callum Lynch
|
0-0: Called Strike 0-1: Called Strike 0-2: SINGLE (Line Drive, 34, EV 95.0 MPH) Justin Wallace scores Artyom Shavkunov to third Jake Geib to second
|
|
Batting: RHB Zhao-ying Joe
|
0-0: SINGLE (Groundball, 56D, EV 104.4 MPH) Artyom Shavkunov scores Jake Geib to third Callum Lynch to second Runner from 3rd tries for Home, SAFE, throw by LF to home
|
|
Batting: SHB Jason Caruso
|
0-0: Called Strike 0-1: Ball 1-1: Fly out, F8 (Flyball, 8LD, EV 102.5 MPH)
|
| Top of the 9th over - 3 runs, 3 hits, 0 errors, 2 left on base; Columbia 3 - Mobile 1 |
| BOTTOM OF THE 9TH |
|
Mobile BayBears batting - Pitching for Columbia Fireflies : LHP Keith Noftall
|
|
Now at 1B: J.D. Brese
|
|
|
Batting: RHB Chris Bittner
|
0-0: Ball 1-0: Ball 2-0: Ground out 6-3 (Groundball, 6, EV 106.2 MPH)
|
|
Pinch Hitting: RHB Edgar Garcia
|
0-0: Ball 1-0: SINGLE (Groundball, 4MD, EV 95.6 MPH)
|
|
Batting: RHB Marlon Reda
|
0-0: Ball 1-0: Foul Ball, location: 2F 1-1: Called Strike 1-2: SINGLE (Flyball, 8RM, EV 98.8 MPH) Edgar Garcia to second
|
|
Batting: RHB Andy Schuett
|
0-0: Foul Ball, location: 2F 0-1: Ball Wild Pitch! Edgar Garcia to third Marlon Reda to second 1-1: Foul Ball, location: 2F 1-2: Ball 2-2: Ground out 6-3 (Groundball, 6, EV 83.1 MPH) Edgar Garcia scores
|
|
Batting: RHB Franklin Villanueva
|
0-0: Swinging Strike 0-1: Swinging Strike 0-2: Ball 1-2: Ball 2-2: Strikes out swinging
|
| Bottom of the 9th over - 1 run, 2 hits, 0 errors, 1 left on base; Columbia 3 - Mobile 2 |
|